Cogmind - Beta 9.3 @@@ ROGUE MODE // 2020.01.05 @ 21:55:36 Player: Horse Result: Destroyed self with Mini Grenade Launcher Performance ------------- Evolutions (1) 500 Regions Visited (3) 600 Robots Destroyed (64) 320 Value Destroyed (1634) 1634 Prototype IDs (5) 100 Alien Tech Used (0) 0 Bonus (8) 8 TOTAL SCORE: 3162 Bonus ------- High Alert Combat Kills 8 Cogmind --------- Core Integrity 0/400 Matter 260/300 Energy 88/100 System Corruption 5% Temperature Cool (0) Movement Walking (120) Location -9/Storage Parts ------- > --- POWER (1) -------- Backup Power I > --- PROPULSION (3) --- Aluminum Leg Aluminum Leg Aluminum Leg > --- UTILITY (3) ------ Large Storage Unit Melee Analysis Suite Melee Analysis Suite > --- WEAPON (2) ------- Mini Grenade Launcher Great Maul > --- INVENTORY (10) --- Large Storage Unit High-capacity Battery (400) High-capacity Matter Pod (200) Improved Terrain Scanner Transport Network Coupler Melee Analysis Suite Melee Analysis Suite Mini Grenade Launcher Great Maul Great Maul Peak State ------------ > --- POWER ------------ Heavy Ion Engine > --- PROPULSION ------- Aluminum Leg Aluminum Leg Aluminum Leg > --- UTILITY ---------- Large Storage Unit Melee Analysis Suite Melee Analysis Suite > --- WEAPON ----------- Great Maul Great Maul > --- INVENTORY -------- Large Storage Unit High-capacity Battery High-capacity Matter Pod Improved Terrain Scanner Transport Network Coupler Melee Analysis Suite Melee Analysis Suite Mini Grenade Launcher Mini Grenade Launcher Great Maul [Rating: 20] Favorites ----------- Power Backup Power I Engine Backup Power I Propulsion Aluminum Leg Treads Light Treads Leg Aluminum Leg Wheel Wheel Flight Unit Improved Flight Unit Utility Large Storage Unit Device Improved Sensor Array Storage Large Storage Unit Processor Melee Analysis Suite Protection Weapon Shielding Weapon Autogun Energy Gun Particle Gun Energy Cannon Advanced Beam Cannon Ballistic Gun Autogun Launcher Mini Grenade Launcher Impact Weapon Great Maul Build | -11 -10 -9 -9 ------- Run | Scr Mat Mat Sto Slots Evolved 2 | . . 2 . Power . | . . . . Propulsion 1 | . . 1 . Utility 1 | . . 1 . Weapon . | . . . . Parts Attached 70 | 6 17 37 10 Power 7 | 1 1 2 3 Engine 7 | 1 1 2 3 Core . | . . . . Reactor . | . . . . Propulsion 26 | 2 5 15 4 Treads 4 | . . 3 1 Leg 18 | 2 5 8 3 Wheel 3 | . . 3 . Hover . | . . . . Flight 1 | . . 1 . Utility 14 | 1 4 9 . Device 1 | . 1 . . Storage 4 | 1 1 2 . Processor 4 | . . 4 . Hackware . | . . . . Protection 5 | . 2 3 . Artifact . | . . . . Weapon 23 | 2 7 11 3 Energy Gun 9 | 2 7 . . Energy Cannon 1 | . . 1 . Ballistic Gun 5 | . . 5 . Ballistic Cannon . | . . . . Launcher 4 | . . 3 1 Special Weapon . | . . . . Impact Weapon 4 | . . 2 2 Slashing Weapon . | . . . . Piercing Weapon . | . . . . Special Melee Weapon . | . . . . Unidentified Prototypes 3 | . . 2 1 Parts Lost 19 | . 7 7 5 Power 5 | . 2 1 2 Propulsion 6 | . . 3 3 Utility 3 | . 1 2 . Weapon 5 | . 4 1 . Highest Loss Streak 3 | . 3 2 3 Average Slot Usage (%) 80 | . 63 90 90 Engine 6 | . 3 7 8 Treads 1 | . . 2 . Leg 24 | . 23 27 16 Wheel 1 | . . . 8 Storage 12 | . 14 11 11 Processor 7 | . . 9 22 Protection 7 | . 4 10 . Energy Gun 7 | . 16 2 . Energy Cannon 1 | . . 2 . Ballistic Gun 5 | . . 11 . Impact Weapon 4 | . . 4 20 Naked Turns . | . . . . Heaviest Build 33 | 11 28 33 32 Greatest Support 30 | 20 20 30 30 Greatest Overweight (x) 10 | . 7 2 10 Average Overweight (x) . | . . . . Largest Inventory Capacity 16 | 6 10 16 10 Average Capacity 9 | 4 9 10 10 Most Carried 10 | 2 10 10 10 Average Carried 8 | 1 6 9 9 Final Capacity 10 | 6 10 10 10 Final Carried 10 | 2 10 10 10 Class Distribution -------------------- 73% | Mutant 26% | Scavenger-Mutant Dominant Class ---------------- Mutant | -10/Materials Scavenger-Mutant | -9/Materials Mutant | -9/Storage Resources | -11 -10 -9 -9 ----------- Run | Scr Mat Mat Sto Matter Collected 1532 | 260 270 919 83 Remotely . | . . . . Salvage Created 2332 | 78 518 1192 544 Parts 120 | 1 33 66 20 Haulers Intercepted 3 | . 1 2 . Recyclers Shooed 3 | . 2 1 . Parts Field Recycled . | . . . . Retrieved Matter . | . . . . Parts Self-Destructed . | . . . . Prevented . | . . . . Kills | -11 -10 -9 -9 ------- Run | Scr Mat Mat Sto Combat Hostiles Destroyed 49 | . 11 25 13 Melee 5 | . . 2 3 Guns 29 | . 11 18 . Cannons 2 | . . 2 . AOE 6 | . . 2 4 Classes Destroyed 10 | 1 7 1 1 Worker 1 | . . . 1 Builder 1 | . 1 . . Hauler 3 | . 1 2 . Recycler 3 | 1 . 1 1 Mechanic 1 | . 1 . . Operator 2 | . 2 . . Watcher 4 | . 2 2 . Swarmer 16 | . 3 9 4 Grunt 22 | . 8 9 5 Sentry 11 | . . 7 4 Best Kill Streak 4 | 1 3 4 4 Combat Bots Only 4 | . 3 4 4 Max Kills in Single Turn 4 | 1 2 2 4 Gunslinging 1 | . 1 1 . Exploded 4 | . . 2 4 Melee 1 | . . 1 1 Uniques/NPCs Destroyed . | . . . . Combat | -11 -10 -9 -9 -------- Run | Scr Mat Mat Sto Damage Taken 2911 | . 922 1173 816 Core 536 | . 135 134 267 Absorbed by Shields . | . . . . Core Remaining (%) 73 | 100 46 . . Volleys Fired 137 | 3 63 70 1 Largest 2 | 2 2 2 1 Hottest 130 | 100 130 95 30 Shots Fired 210 | 6 69 134 1 Gun 190 | 6 69 115 . Cannon 16 | . . 16 . Launcher 4 | . . 3 1 Special . | . . . . Kinetic 109 | . . 109 . Thermal 97 | 6 69 22 . Explosive 4 | . . 3 1 Electromagnetic . | . . . . Robot Hit Streak 16 | 3 8 16 . Robot Miss Streak 6 | 1 4 6 . Penetration Max . | . . . . Secondary Targets 7 | . 3 4 . Max Gunslinging Chain 1 | . 1 1 . Shots Hit Robots 195 | 4 45 109 37 Core Hits 79 | 2 27 42 8 Critical Hits 2 | . . 2 . Critical Kills 1 | . . 1 . Critical Parts Destroyed 1 | . . 1 . Melee Attacks 71 | . . 29 42 Impact 71 | . . 29 42 Slashing . | . . . . Piercing . | . . . . Sneak Attacks 6 | . . 3 3 Combat Hostiles . | . . . . Follow-up Attacks 8 | . . 3 5 Damage Inflicted 4928 | 51 818 2557 1502 Guns 2064 | 51 818 1195 . Cannons 108 | . . 108 . Explosions 512 | . . 228 284 Melee 2244 | . . 1026 1218 Ramming . | . . . . Kinetic 1155 | . . 1155 . Thermal 1017 | 51 818 148 . Explosive 512 | . . 228 284 Electromagnetic . | . . . . Impact 2244 | . . 1026 1218 Slashing . | . . . . Piercing . | . . . . Highest Corruption 5 | . . 4 5 Average Corruption 4 | . . 4 4 Corruption Purged . | . . . . Effects 31 | . . 22 9 Message Errors 9 | . . 6 3 Matter Fused 8 | . . 6 2 Heat Flow Errors 4 | . . 2 2 Energy Discharges 2 | . . 2 . Data Loss (minor) 3 | . . 3 . Targeting Errors 4 | . . 2 2 Weapon Failures 1 | . . 1 . Overload Shots . | . . . . Overflow Damage 285 | . . 38 247 Projectiles 1 | . . 1 . Explosions . | . . . . Melee 284 | . . 37 247 Knockbacks 2 | . . 2 . Impact 2 | . . 2 . Kinetic . | . . . . Secondary . | . . . . Self-Inflicted Damage 25 | . . . 25 Shots 1 | . . . 1 Rammed . | . . . . Targets Rammed . | . . . . Kicked . | . . . . Crushed . | . . . . Highest Temperature 439 | 72 439 184 183 Average Temperature 86 | 36 114 42 82 Received Heat Transfer 1122 | . 483 351 288 Effects 4 | . 4 . . Short Circuit 3 | . 3 . . Damage (minor) 1 | . 1 . . Siege Activations . | . . . . Robots Corrupted . | . . . . Combat Hostiles . | . . . . Parts Fried 10 | . . 2 8 Impact Corruptions 18 | . . 4 14 Robots Melted . | . . . . Combat Hostiles . | . . . . Parts Melted 2 | . 2 . . Heat Transferred 2405 | 148 1961 296 . Parts Sabotaged . | . . . . Parts Stolen . | . . . . Parts Stripped . | . . . . Power Chain Reactions . | . . . . Missiles Intercepted . | . . . . Alert | -11 -10 -9 -9 ------- Run | Scr Mat Mat Sto Peak Influence 404 | 5 185 365 404 Average Influence 136 | 3 56 173 278 Maximum Alert Level 2 | . . 1 2 Low Security (%) 71 | 100 100 59 23 Level 1 27 | . . 40 73 Level 2 . | . . . 3 Level 3 . | . . . . Level 4 . | . . . . Level 5 . | . . . . High Security . | . . . . Max Security . | . . . . Squads Dispatched 10 | . 2 6 2 Investigation 5 | . 1 3 1 Extermination . | . . . . Reinforcement 5 | . 1 3 1 Assault . | . . . . Garrison . | . . . . Intercept . | . . . . Construction Impeded . | . . . . Haulers Reinforced . | . . . . Stealth | -11 -10 -9 -9 --------- Run | Scr Mat Mat Sto Distress Signals 6 | . 3 3 . Communications Jammed . | . . . . Distress Signals . | . . . . Times Spotted 83 | . 23 45 15 Peak Tracking Total 7 | . 7 6 5 Tactical Retreats 13 | . . 11 2 Traps | -11 -10 -9 -9 ------- Run | Scr Mat Mat Sto Traps Triggered 1 | . . 1 . Indirectly . | . . . . Trap Hack Attempts . | . . . . Triggered . | . . . . Disarmed . | . . . . Reprogrammed . | . . . . Reused . | . . . . Traps Extracted . | . . . . Installed . | . . . . Triggered . | . . . . Machines | -11 -10 -9 -9 ---------- Run | Scr Mat Mat Sto Machines Disabled 4 | . . 1 3 Max in Single Turn 2 | . . 1 2 Machines Sabotaged . | . . . . Garrisons Compromised . | . . . . Overloaded Fab Kills . | . . . . Fab Network Shutdowns . | . . . . Hacking | -11 -10 -9 -9 --------- Run | Scr Mat Mat Sto Machines Accessed 19 | . 9 7 3 Terminals 14 | . 7 5 2 Fabricators . | . . . . Repair Stations 2 | . 1 . 1 Recycling Units 1 | . 1 . . Scanalyzers 2 | . . 2 . Garrison Access . | . . . . Total Hacks 73 | . 29 34 10 Successful 50 | . 22 20 8 Failed 23 | . 7 14 2 Catastrophic 3 | . 1 2 . Database Lockouts . | . . . . Manual 34 | . 15 15 4 Terminals 46 | . 23 17 6 Fabricators . | . . . . Repair Stations 9 | . 5 . 4 Recycling Units 1 | . 1 . . Scanalyzers 17 | . . 17 . Garrison Access . | . . . . Terminal Hacks 17 | . 12 3 2 Robot Schematic 2 | . 2 . . Robot Analysis 3 | . 3 . . Prototype ID Bank 2 | . 2 . . Open Door 1 | . . . 1 Branch Access Points 1 | . . 1 . Terminal Index 2 | . 1 1 . Alert Level 1 | . . 1 . Locate Traps 2 | . 1 . 1 Recall Reinforcements 1 | . 1 . . Hauler Manifests 2 | . 2 . . Fabricator Hacks . | . . . . Repair Station Hacks 8 | . 5 . 3 Scan Component 3 | . 2 . 1 Repair 3 | . 2 . 1 Refit 2 | . 1 . 1 Recycling Unit Hacks 1 | . 1 . . Retrieve Components 1 | . 1 . . Scanalyzer 13 | . . 13 . Insert Component 6 | . . 6 . Analyze 7 | . . 7 . Garrison Access Hacks . | . . . . Unauthorized Hacks 31 | . 8 16 7 Terminals 10 | . 4 3 3 Track 3 | . 1 1 1 Botnet 7 | . 3 2 2 Fabricators . | . . . . Repair Stations . | . . . . Recycling Units . | . . . . Scanalyzers 1 | . . 1 . Extract 1 | . . 1 . Garrison Access . | . . . . Data Cores Recovered 1 | . 1 . . Used . | . . . . Hacking Detections 17 | . 8 7 2 Full Trace Events 6 | . 2 3 1 Feedback Events 1 | . . . 1 Corruption 1 | . . . 1 Feedback Blocked . | . . . . Robot Schematics Acquired 2 | . 2 . . Robots Built . | . . . . Matter . | . . . . Time . | . . . . Total Robot Build Rating . | . . . . Part Schematics Acquired 8 | . . 8 . Parts Built . | . . . . Matter . | . . . . Time . | . . . . Total Part Build Rating . | . . . . Parts Repaired 3 | . 2 . 1 Time 96 | . 58 . 38 Parts Recycled . | . . . . Recycled Matter . | . . . . Retrieved Matter . | . . . . Retrieved Components 3 | . 3 . . Parts Scanalyzed 5 | . . 5 . Part Schematics Acquired 5 | . . 5 . Parts Damaged . | . . . . Bothacking | -11 -10 -9 -9 ------------ Run | Scr Mat Mat Sto Used RIF Installer . | . . . . Robots Hacked . | . . . . Non-combat . | . . . . Combat . | . . . . Robot Hacks Applied . | . . . . Relay Couplers Released . | . . . . Robots Rewired . | . . . . Allies Hacked . | . . . . Hacks Repelled . | . . . . Allies | -11 -10 -9 -9 -------- Run | Scr Mat Mat Sto Total Allies . | . . . . Largest Group . | . . . . Highest-Rated Group . | . . . . Highest-Rated Ally . | . . . . Total Orders . | . . . . Ally Attacks . | . . . . Total Damage . | . . . . Kills . | . . . . Allies Corrupted . | . . . . Allies Melted . | . . . . Intel | -11 -10 -9 -9 ------- Run | Scr Mat Mat Sto Robot Analysis Total 3 | . 3 . . Derelict Logs Recovered . | . . . . Drone Launches . | . . . . Drone Recoveries . | . . . . Exploration | -11 -10 -9 -9 ------------- Run | Scr Mat Mat Sto Turns Passed 3489 | 81 1326 1725 357 Spaces Moved 1929 | 56 775 936 162 Core 14 | 8 3 . 3 Treads 62 | . . 61 1 Legs 1762 | 48 772 848 94 Wheels 91 | . . 27 64 Hover . | . . . . Flight . | . . . . Fastest Speed 50 | 50 120 80 80 Average Speed 132 | 110 131 137 114 Slowest Speed 550 | 120 400 180 550 Overloaded Moves . | . . . . Propulsion Burnouts . | . . . . Robots Hopped . | . . . . Cave-ins Triggered . | . . . . Exploration Rate (%) 48 | 4 99 62 28 Regions Visited 3 Branch Regions 1 Pre-discovered Areas . | . . . . Known Exits Taken 1 | . . 1 . Unknown Exits Taken 2 | 1 1 . . Scrap Searched . | . . . . Spaces Dug 2 | . . 1 1 Terrain Destroyed 24 | . . 17 7 Melee 2 | . . 1 1 Projectile . | . . . . AOE 22 | . . 16 6 Actions | -11 -10 -9 -9 --------- Run | Scr Mat Mat Sto Total 2540 | 66 1017 1202 255 Wait 272 | . 132 98 42 Move 1926 | 55 774 935 162 Hop . | . . . . Pick Up 27 | 2 16 8 1 Fast Attach 45 | 6 8 24 7 Attach 10 | . 5 5 . Detach 7 | . 4 3 . Swap 15 | . 4 8 3 Drop 39 | . 11 25 3 Fire 137 | 3 63 70 1 Melee 62 | . . 26 36 Ram . | . . . . Kick . | . . . . Crush . | . . . . Escape Stasis . | . . . . Rewire . | . . . . Trap . | . . . . Miscellaneous . | . . . . Route ------- -11/Scrapyard -10/Materials (discovered 5 exits: *Mat x3 / [*Min x2]) -9/Materials (discovered 3 exits: [*Mat] / *Min / *Sto) -9/Storage History --------- Turn | Location | Event 2 | -11/Scrapyard | Met Revision 17 4 | -11/Scrapyard | Discovered new exit (range 16) 82 | -11/Scrapyard | Entered Materials 279 | -10/Materials | Lost 3 parts (1p1u1w) 312 | -10/Materials | Build established: Mutant 441 | -10/Materials | Discovered new exit (range 14) 492 | -10/Materials | Discovered new exit (range 7) 720 | -10/Materials | Core integrity fell below 50% 799 | -10/Materials | Discovered new exit (range 6) 1036 | -10/Materials | Discovered new exit (range 5) 1061 | -10/Materials | Discovered new exit (range 16) 1306 | -10/Materials | Repaired Aluminum Leg 1339 | -10/Materials | Repaired Particle Gun 1408 | -10/Materials | Entered another Materials area 1408 | -9/Materials | Evolved 2 slots: Propulsion x1, Utility x1 1525 | -9/Materials | Discovered new exit (range 16) 2441 | -9/Materials | Build established: Scavenger-Mutant 2473 | -9/Materials | Discovered new exit (range 4) 2651 | -9/Materials | Identified exit to Mines 2651 | -9/Materials | Identified exit to Storage 2962 | -9/Materials | Discovered new exit (range 13) 3133 | -9/Materials | Entered Storage 3242 | -9/Storage | Core integrity fell below 50% 3275 | -9/Storage | Lost 3 parts (3n) 3304 | -9/Storage | Core integrity fell below 20% 3391 | -9/Storage | Repaired Great Maul 3407 | -9/Storage | Build established: Mutant 3490 | -9/Storage | Destroyed self with Mini Grenade Launcher Last Messages --------------- 03453_ System corrupted: Great Maul targeting data glitched. 03453_ Destroyed Com. Wheel. 03453_ Destroyed Lgt. Ion Engine. 03453_ Destroyed Tractor Beam. 03453_ R-06 Scavenger system corrupted by crushing effect. 03454_ R-06 Scavenger system terminally corrupted. 03454_ Com. Wheel fried. 03456_ K-01 Serf collects debris. 03456_ Sneak attack on K-01 Serf. 03456_ Destroyed Wheel. 03456_ K-01 Serf system corrupted by crushing effect. 03470_ 4 <#UNTZF#J:7A&0G 7DKC 7L>YM7 03487_ JUS 03490_ S-10 Pest destroyed. 03490_ Repair Station disabled. 03490_ S-10 Pest destroyed. 03490_ Compression Vault explodes. 03490_ S-10 Pest destroyed. Map ----- +----------------------------------------------------+ | ???????????????????????????????#% # #? | | ???????????????????????????????# # #? | | ???????????????????????????????# ###########? | | ???????????????????????????????# # """ """ "" | | ???????????????????????????????# # """ """ "" | | ???????????????????????????????# + """ """ "" | | ???????????????????????????????# # | | ???????????????????????????????# # | | ???????????????????????????????# # | | ???????????????????????????????# # ######"T"# | | ???????????????????????????????#####+#####??????"# | | ??????????????????????????#?????# #???????? | | ?????????????????????????? ?????+ #???????? | | ??????????????????????????# ????# " "" #???????? | | ??????????????????????????# ????# "[[" #???????? | | ??????????????????????????# ????# "[*" #???????? | | ??????????????????????????# #???# ?"[[" #???????? | | ??????????????????????????#k#???# ?"[*" #???????? | | ??????????????????????????# #???# " "" #???????? | | ??????????????????????????#u#???# #???????? | | ??????????????????????##### ############+###?????? | | ??????????????????????# ####### | | ??????????????????????# + % **k | | ??????????????????????# # * | | ??????????????????????##; ########## # ** | | ????????????????????????#@ %% #???????#w##T#### | | ????????????????????????#""[*[ %#???????# ####??? | | ????????????????????????#" #???????# #?????? | | ????????????????????????#" Y #???????# #?????? | | ????????????????????????# +????k?? #?????? | | ????????????????????????# ]]] #??????? #?????? | | ????????????????????????# ]]] #??????? #?????? | | ????????????????????????# ]] !#??????? ??????? | | ????????????????????????# #???????##??????? | | ?????????????????????????### #####???????????????? | | ????????????????????????????##???????????????????? | | ?????????????????????????????????????????????????? | | ?????????????????????????????????????????????????? | | ?????????????????????????????????????????????????? | | ?????????????????????????????????????????????????? | | ?????????????????????????????????????????????????? | | ?????????????????????????????????????????????????? | | ?????????????????????????????????????????????????? | | ?????????????????????????????????????????????????? | | ?????????????????????????????????????????????????? | | ?????????????????????????????????????????????????? | | ?????????????????????????????????????????????????? | | ?????????????????????????????????????????????????? | | ?????????????????????????????????????????????????? | | ?????????????????????????????????????????????????? | +----------------------------------------------------+ Best States ------------- Heat Dissipation 28 Energy Generation 12 Energy Capacity 265 Matter Stores 300 Matter Capacity 300 Sight Range 16 Robot Scan Range 13 Terrain Scan Density 10 Armor Coverage 150 Weapon Shielding 33 Evasion (%) 44 Targeting Accuracy 6 Melee Accuracy 10 Armor Integrity Analysis 33 Recoil Reduction 1 Item Schematics ----------------- Imp. Targeting Computer | -9/Materials | Scanalyzed Armor Integrity Analyzer | -9/Materials | Scanalyzed Transport Network Coupler | -9/Materials | Scanalyzed Salvage Targeting Computer | -9/Materials | Scanalyzed Imp. Terrain Scanner | -9/Materials | Scanalyzed Hrd. Light Armor Plating | -9/Materials | Extracted Targeting Computer | -9/Materials | Extracted Maul | -9/Materials | Extracted Robot Schematics ------------------ O-16 Technician | -10/Materials | Hacked M-13 Machinist | -10/Materials | Hacked Fabricated ------------ Nothing Alien Tech Used ----------------- None Achievements -------------- None Challenges ------------ None Game ------ Seed ShieldImprinterLauncher Manual? 0 Play Time 00:31:51 Cumulative 860.6 hours Start 2020.01.05 @ 21:26:24 End 2020.01.05 @ 21:55:36 Sessions 1 Manual Loads 0 Difficulty Rogue Special Mode None Game No. 324 Rogue 324 Adventurer 0 Explorer 0 Win Type - Total 12 Types 11/0/1/0/0/0/0 Lore% 77 Gallery% 87 Achievement% 69 Wizard Run 0 Options --------- ASCII 0 Keyboard 1 Movement Numpad Keybinds 0 Fullscreen 2 Font 18/SmallcapsGlow Map View 112x50 Tactical HUD 1 Map Filters NONE Filters NONE Steam 1 RUN: 001fabd0-f6dc-4cac-848d-acf684d58d46